 Dungeon Crawl Stone Soup version 0.19-a0-1254-gb9c29c0 (webtiles) character file.

20881 4thArraOfDagon the Brawler (level 12, -14/84 (86) HPs)
             Began as a Troll Ice Elementalist on Aug 27, 2016.
             Was an Elder of Ru.
             Demolished by a komodo dragon (37 damage)
             ... on level 13 of the Dungeon.
             The game lasted 00:32:48 (6798 turns).

4thArraOfDagon the Brawler (Troll Ice Elementalist) Turns: 6798, Time: 00:32:49

HP:   -14/84 (86)   AC:  8    Str: 21    XL:     12   Next: 49%
MP:   17/24         EV:  8    Int: 15    God:    Ru [****..]
Gold: 1347          SH: 10    Dex: 10    Spells: 1 memorised, 14 levels left

rFire  + . .     SeeInvis +       - Unarmed
rCold  + . .     Gourm    +     v - +2 robe {rF+}
rNeg   . . .     Faith    .     o - +0 shield "Kownih" {rElec}
rPois  +         Spirit   .     (helmet restricted)
rElec  +         Dismiss  .     I - +0 cloak
rCorr  .         Reflect  .     (gloves unavailable)
MR     .....     Harm     +     (boots unavailable)
Stlth  ++........               Q - amulet of harm
                                j - ring of Tontiucu {Wiz rPois SInv Stlth+}
                                q - ring of Duefup {rPois rC+ MP+9}

@: about to teleport, no potions, no scrolls, regenerating
A: unfitting armour, claws 3, fast metabolism 3, frail 1, gourmand, regeneration
1, shaggy fur 1, strong 1, tough skin 2, wild magic 1, inability to drink while
threatened, inability to read while threatened, inability to train dodging
a: Draw Out Power, Power Leap, Renounce Religion


You were on level 13 of the Dungeon.
You worshipped Ru.
Ru was greatly pleased with you.
You were very full.

You visited 2 branches of the dungeon, and saw 17 of its levels.
You also visited: Ossuary.

You collected 1347 gold pieces.

Inventory:

Hand Weapons
 t - a +1 giant spiked club
 O - a +0 blowgun
Missiles
 f - 7 javelins (quivered)
 y - 15 curare-tipped needles
 H - 5 large rocks
Armour
 d - a +1 robe of cold resistance
 o - the +0 shield "Kownih" (worn) {rElec}
   (You acquired it on level 8 of the Dungeon)

   It insulates you from electricity.
 v - a +2 robe of fire resistance (worn)
 F - a troll hide
 I - a +0 cloak (worn)
Magical Staves
 r - an uncursed staff of power {!a}
Jewellery
 g - an uncursed ring of ice
 h - an uncursed amulet of the gourmand
 j - the ring of Tontiucu (right claw) {Wiz rPois SInv Stlth+}
   (You acquired it on level 8 of the Dungeon)

   [ring of wizardry]

   It improves your spell success rate.
   It protects you from poison.
   It lets you see invisible.
   It makes you more stealthy.
 q - the ring of Duefup (left claw) {rPois rC+ MP+9}
   (You acquired it on level 8 of the Dungeon)

   [ring of magical power]

   It protects you from cold.
   It protects you from poison.
   It affects your magic capacity (+9).
 Q - an amulet of harm (around neck)
Wands
 k - a wand of paralysis (6/24)
 C - a wand of flame (9/48)
 D - a wand of teleportation (3/9)
 K - a wand of digging (12/24)
Scrolls
 e - a scroll of amnesia
 n - 3 scrolls of noise
 p - 4 scrolls of remove curse
 s - 2 scrolls of recharging
 w - a scroll of blinking
 x - a scroll of teleportation
 L - a scroll of holy word
Potions
 l - 3 potions of cure mutation
 m - a potion of agility
 u - 2 potions of invisibility
 z - 6 potions of curing
 A - 3 potions of ambrosia
 B - 2 potions of heal wounds
 G - a potion of haste {unknown}
 J - 2 potions of berserk rage {unknown}
 M - a potion of lignification {unknown}
 N - a potion of flight
 P - a potion of magic {unknown}
Books
 b - a book of Frost

   Spells                             Type                      Level
   a - Freeze                         Ice                          1
   b - Throw Frost                    Conjuration/Ice              2
   c - Ozocubu's Armour               Charms/Ice                   3
   d - Throw Icicle                   Conjuration/Ice              4
   e - Summon Ice Beast               Ice/Summoning                4
 R - a book of Enchantments

   Spells                             Type                      Level
   a - Cause Fear                     Hexes                        4
   b - Yara's Violent Unravelling     Hexes/Transmutation          5
   c - Silence                        Hexes/Air                    5
   d - Deflect Missiles               Charms/Air                   6
   e - Haste                          Charms                       6
   f - Discord                        Hexes                        8
Comestibles
 a - a slice of pizza
 c - 10 bread rations
 i - 8 meat rations
 E - a beef jerky


   Skills:
 - Level 1.1 Stealth
 + Level 6.7 Shields
 * Level 15.6 Unarmed Combat
 - Level 3.1 Spellcasting
   Level 0.6 Conjurations
 - Level 4.5 Charms
 - Level 5.0 Necromancy
   Level 2.1 Ice Magic


You had 14 spell levels left.
You knew the following spells:

 Your Spells              Type           Power        Failure   Level  Hunger
b - Regeneration          Chrm/Necr      ###.......   9%          3    ###....


Dungeon Overview and Level Annotations

Branches:
Dungeon (15/15)              Lair (0/6) D:8             Orc (2/2) D:11
    Elf (0/3) Orc:2
 Temple: D:4-7       Vaults: D:13-14     Depths: D:15

Altars:
Fedhas
Gozag
Kikubaaqudgha
Nemelex Xobeh
Ru
Sif Muna
Trog
Vehumet
The Shining One

Annotations:
D:11 ORCS
D:12 Frances
Orc:2 Snorg


Innate Abilities, Weirdness & Mutations

You are too large for most types of armour.
You have claws for hands.
Your metabolism is lightning-fast.
You like to eat raw meat.
Your natural rate of healing is unusually fast.
You are covered in fur. (AC +1)
You have very tough skin. (AC +2)
You cannot drink potions while threatened.
You cannot read scrolls while threatened.
You cannot train Dodging skill.
You are frail. (-10% HP)
Your muscles are strong. (Str +2)
Your spells are a little harder to cast, but a little more powerful.


Message History

The vault guard is moderately wounded.
You claw the vault guard!
The vault guard is heavily wounded.
The vault guard hits you with a war axe!
* * * LOW HITPOINT WARNING * * *
Unknown command.
Evoke which item? (* to show all) (? for menu, Esc to quit)
Zapping:
D - a wand of teleportation (4/9)
Press: ? - help, Shift-Dir - straight line, f - you You feel strangely unstable.
This wand has 3 charges left.
Your skin is crawling a little less now.
You block the vault guard's attack.
Unknown command.
Unknown command.
Your magical contamination has completely faded away.
Unknown command.
Casting: Regeneration
Confirm with . or Enter, or press ? or * to list all spells.
Your skin crawls.
The komodo dragon bites you!!
You die...

#.#.# ...#
#.....#
..#.#
#..##..(..#
###.#
#..#..>..#
....#
#.'.....#
#####
###.....#
..# #.....#
#'# ##'####
#.# #l# #.#
#@# #.# #p##
#.# #..#
#'######
##.#
.......#
##.####
.......#
#.....#
.......#
#.....#
.......####
#.....#
.......'..##
#.....#


You could see a vault guard and a komodo dragon.

Vanquished Creatures
  Fannar (D:12)
  2 centaur warriors
  2 tengu warriors (D:13)
  Sonja (D:14)
  3 hill giants
  A griffon (D:15)
  Pikel (D:7)
  A cyclops (D:13)
  A manticore (D:15)
  An elephant (D:8)
  A gargoyle (D:13)
  2 centaur skeletons (D:14)
  2 kobold demonologists (D:13)
  2 trolls
  A hornet zombie (D:14)
  A harpy skeleton (D:14)
  The ghost of Gruesome the Insei, an amateur OpMo (D:3)
  A meliai zombie (D:10)
  5 slime creatures (D:13)
  A spriggan (D:7)
  2 hogs (D:14)
  2 wyverns
  14 yaks
  A basilisk (D:13)
  A hippogriff (D:12)
  A hungry ghost (D:11)
  A water moccasin (D:10)
  2 soldier ants
  A warg (Orc:2)
  A mottled dragon (D:13)
  5 orc warriors
  2 ice beasts
  An eye of draining (D:15)
  4 sky beasts
  2 black bears (D:9)
  2 necrophages (D:11)
  7 ogres
  4 phantoms
  13 centaurs
  2 big kobolds
  2 crocodiles
  7 giant frogs
  3 scorpions
  2 troll zombies (D:11)
  6 wights
  2 howler monkeys
  6 crimson imps
  2 centaur zombies
  A giant frog zombie (D:11)
  A quasit (D:10)
  A giant frog skeleton (D:8)
  2 hounds (D:10)
  A human zombie (Ossuary)
  2 jellies
  6 orc priests
  10 orc wizards
  3 iguanas
  A statue (D:8)
  3 worker ants
  4 ogre zombies (D:11)
  A big kobold zombie (Ossuary)
  A hound zombie (D:7)
  2 mummies (Ossuary)
  2 worker ant zombies
  5 adders
  2 shadow imps
  12 white imps (D:14)
  3 oozes
  2 adder zombies (Ossuary)
  2 adder skeletons
  2 worms
  A dart slug (D:1)
  3 giant geckos
  36 orcs
  2 giant cockroaches
  2 hobgoblins (D:2)
  2 quokkas
  3 bats
  A giant gecko zombie (D:5)
  A giant newt (D:5)
  2 goblin skeletons (D:11)
  6 goblin zombies
  2 hobgoblin skeletons (D:11)
  9 hobgoblin zombies
  3 jackal zombies (Ossuary)
  10 kobolds
  13 kobold zombies (Ossuary)
  4 orc skeletons (D:11)
  11 orc zombies
  A rat (D:2)
  A rat zombie (Ossuary)
  A plant (D:7)
312 creatures vanquished.

Vanquished Creatures (others)
  A slime creature (D:13)
  A hungry ghost (D:15)
  A big kobold zombie (Ossuary)
  An orc (Orc:2)
4 creatures vanquished.

Grand Total: 316 creatures vanquished

Notes
Turn   | Place    | Note
-------+----------+-------------------------------------------
     0 | D:1      | 4thArraOfDagon the Troll Ice Elementalist began the quest for the Orb.
     0 | D:1      | Reached XP level 1. HP: 16/16 MP: 1/1
     0 | D:1      | troll path ready to go
    14 | D:1      | Reached skill level 1 in Unarmed Combat
    44 | D:1      | Reached XP level 2. HP: 24/24 MP: 2/2
   155 | D:2      | Reached skill level 2 in Unarmed Combat
   217 | D:3      | Reached XP level 3. HP: 24/31 MP: 3/3
   243 | D:3      | Noticed Gruesome's ghost (amateur OpMo)
   371 | D:3      | Killed Gruesome's ghost
   371 | D:3      | Reached skill level 5 in Unarmed Combat
   371 | D:3      | Reached XP level 4. HP: 13/39 MP: 4/4
   371 | D:3      | Reached XP level 5. HP: 15/45 MP: 5/5
   474 | D:4      | Reached XP level 6. HP: 18/53 MP: 6/6
   492 | D:4      | Found a sacrificial altar of Ru.
   501 | D:4      | Became a worshipper of Ru the Awakened
   527 | D:4      | Reached skill level 6 in Unarmed Combat
   594 | D:5      | Entered Level 5 of the Dungeon
   755 | D:5      | Noticed an ice beast
   768 | D:5      | Killed an ice beast
   768 | D:5      | Reached skill level 7 in Unarmed Combat
   768 | D:5      | Reached XP level 7. HP: 19/59 MP: 3/7
   901 | D:5      | Found a sacrificial altar of Ru.
   902 | D:5      | Found an ancient bone altar of Kikubaaqudgha.
   907 | D:5      | RU
  1057 | D:6      | Reached skill level 8 in Unarmed Combat
  1133 | D:6      | Noticed a gargoyle
  1212 | D:7      | Noticed a yak
  1235 | D:7      | Killed a yak
  1235 | D:7      | Reached skill level 9 in Unarmed Combat
  1294 | D:7      | Reached XP level 8. HP: 45/67 MP: 4/8
  1422 | D:7      | Gained mutation: You cannot read scrolls while threatened. [Ru sacrifice]
  1422 | D:7      | Reached * piety under Ru
  1470 | D:7      | Found a sparkling altar of Nemelex Xobeh.
  1515 | D:7      | Reached skill level 10 in Unarmed Combat
  1552 | D:7      | Found a deep blue altar of Sif Muna.
  1552 | D:7      | Found a glowing golden altar of the Shining One.
  1553 | D:7      | Found an opulent altar of Gozag.
  1571 | D:7      | Learned a level 3 spell: Regeneration
  1601 | D:6      | Noticed Pikel
  1744 | D:7      | HP: 1/67 [Pikel/whip of electrocution (12)]
  1766 | D:7      | HP: 2/67 [Pikel/whip of electrocution (11)]
  1768 | D:7      | Killed Pikel
  1768 | D:7      | Reached skill level 11 in Unarmed Combat
  1885 | D:8      | Reached XP level 9. HP: 20/74 MP: 3/9
  1904 | D:8      | Identified 3 scrolls of acquirement
  1905 | D:8      | Got a faintly humming shield
  1911 | D:8      | Identified the +0 shield "Kownih" {rElec} (You acquired it on level 8 of the Dungeon)
  1912 | D:8      | Got a transparent steel ring
  1913 | D:8      | Identified the ring of Duefup {rPois rC+ MP+9} (You acquired it on level 8 of the Dungeon)
  1915 | D:8      | Got a steaming platinum ring
  1916 | D:8      | Identified the ring of Tontiucu {Wiz rPois SInv Stlth+} (You acquired it on level 8 of the Dungeon)
  2035 | D:8      | Found a sand-covered staircase.
  2042 | Ossuary  | Entered an ossuary
  2128 | Ossuary  | Reached skill level 1 in Necromancy
  2162 | Ossuary  | Reached skill level 1 in Charms
  2278 | D:8      | iso desol of salt
  2358 | D:8      | Found a radiant altar of Vehumet.
  2420 | D:8      | Gained mutation: Your muscles are strong. (Str +2) [mutagenic meat]
  2423 | D:8      | Gained mutation: Your spells are a little harder to cast, but a little more powerful. [mutagenic meat]
  2501 | D:8      | Found a staircase to the Lair.
  2512 | D:8      | Noticed an elephant
  2548 | D:8      | Killed an elephant
  2548 | D:8      | Reached skill level 1 in Shields
  2689 | D:9      | Found a bloodstained altar of Trog.
  2699 | D:9      | Gained mutation: You cannot drink potions while threatened. [Ru sacrifice]
  2699 | D:9      | Reached ** piety under Ru
  2733 | D:9      | Reached skill level 12 in Unarmed Combat
  2885 | D:10     | Entered Level 10 of the Dungeon
  3207 | D:11     | Reached XP level 10. HP: 79/81 MP: 12/12
  3246 | D:11     | Found a deep blue altar of Sif Muna.
  3705 | D:12     | Noticed a deep elf mage
  3754 | D:11     | Noticed a hill giant
  3798 | D:11     | Killed a hill giant
  3915 | D:11     | Found a staircase to the Orcish Mines.
  4180 | D:11     | Reached XP level 11. HP: 76/86 MP: 14/14
  4350 | D:12     | Noticed Frances
  4433 | Orc:1    | Entered Level 1 of the Orcish Mines
  4597 | Orc:2    | Entered Level 2 of the Orcish Mines
  4622 | Orc:2    | Reached skill level 5 in Necromancy
  4700 | Orc:2    | Found a staircase to the Elven Halls.
  4759 | Orc:1    | Reached skill level 13 in Unarmed Combat
  4766 | Orc:1    | Noticed an orc knight
  4833 | Orc:2    | Noticed Snorg
  4964 | D:12     | Noticed Fannar
  5012 | D:12     | Killed Fannar
  5074 | D:13     | Noticed a centaur warrior
  5081 | D:13     | Killed a centaur warrior
  5169 | D:12     | Noticed a deep elf mage
  5357 | D:13     | Gained mutation: You are frail. (-10% HP) [mutagenic meat]
  5575 | D:13     | Noticed a hill giant
  5613 | D:13     | Killed a hill giant
  5613 | D:13     | Reached skill level 5 in Shields
  5613 | D:13     | Reached skill level 14 in Unarmed Combat
  5683 | D:13     | Noticed a tengu warrior
  5687 | D:13     | Noticed a tengu warrior
  5718 | D:13     | Killed a tengu warrior
  5894 | D:13     | Killed a tengu warrior
  5932 | D:14     | Noticed a centaur warrior
  5942 | D:13     | Reached XP level 12. HP: 67/84 MP: 5/15
  6071 | D:14     | Gained mutation: You cannot train Dodging skill. [Ru sacrifice]
  6071 | D:14     | Reached *** piety under Ru
  6071 | D:14     | Reached **** piety under Ru
  6173 | D:15     | Entered Level 15 of the Dungeon
  6174 | D:15     | Noticed a centaur warrior
  6186 | D:15     | Killed a centaur warrior
  6319 | D:14     | Noticed Sonja
  6334 | D:15     | Reached skill level 15 in Unarmed Combat
  6388 | D:14     | Killed Sonja
  6446 | D:14     | Noticed a vault guard
  6459 | D:14     | Found a blossoming altar of Fedhas.
  6501 | D:14     | Found a frozen archway.
  6595 | D:14     | ROTFL
  6756 | D:14     | Noticed a vault guard
  6798 | D:13     | Demolished by a komodo dragon

Vault maps used:
D:1:      dpeg_arrival_rooms_c
D:3:      uniq_jessica
D:4:      cheibriados_altar_1, first_bread, nicolae_ru_awakened_eye,
          uniq_natasha
D:5:      gammafunk_temple_overflow_pools, okawaru_altar_gauntlet_db
D:6:      uniq_pikel
D:7:      hangedman_cross_stitches, gammafunk_temple_overflow_forgotten,
          lemuel_round_altar, the_bakery
D:8:      vehumet_statue, david_lair_generic, enter_ossuary_4,
          minmay_misc_feat_enclosed
D:9:      trog_ov_bears_minmay
D:10:     uniq_harold
D:11:     zombieorc1_lemuel, led_sif_book
D:12:     item_on_display_a, uniq_fannar, uniq_frances
D:13:     hangedman_decor_riveting, statue_in_the_mist_lemuel
D:14:     lightli_vaults_fourway_checkpoint, basic_altar,
          portal_ice_cave_entry_imps, serial_shops, nicolae_shop_trees,
          feat_on_display, uniq_kirke, uniq_sonja
D:15:     hangedman_depths_entry_try_elsewhere_first,
          grunt_dithmenos_smoke_and_mirrors
Orc:2:    st_orc_rangers, uniq_snorg
Ossuary:  ossuary_tomb_1

Skill      XL: |  1  2  3  4  5  6  7  8  9 10 11 12 |
---------------+-------------------------------------+-----
Unarmed Combat | 1 2 5 7 9 11 12 14 15 | 15.6
Necromancy     | 3 4 5 |  5.0
Charms         | 2 4 |  4.5
Shields        | 2 3 5 6 |  6.7
Spellcasting   | 2 3 |  3.1
Dodging        | 0 |  0.0
Stealth        | |  1.1
Conjurations   | |  0.6
Ice Magic      | |  2.1

Action                   |  1- 3 |  4- 6 |  7- 9 | 10-12 || total
-------------------------+-------+-------+-------+-------++-------
Melee: Unarmed           |    76 |    52 |   346 |   714 ||  1188
       Punch             |       |     1 |     4 |       ||     5
 Cast: Regeneration      |       |       |       |    45 ||    45
Invok: Sacrifice Words   |       |       |     1 |       ||     1
       Sacrifice Drink   |       |       |     1 |       ||     1
       Sacrifice Nimblen |       |       |       |     1 ||     1
Evoke: Wand              |       |       |       |     8 ||     8
  Use: Potion            |       |       |     5 |       ||     5
       Scroll            |       |       |    14 |     4 ||    18
 Stab: Sleeping          |     1 |       |     3 |     4 ||     8
       Distracted        |     1 |       |       |     2 ||     3
       Invisible         |       |       |       |     6 ||     6
       Confused          |       |       |       |     1 ||     1
       Petrifying        |       |       |       |     1 ||     1
       Paralysed         |       |       |       |     1 ||     1
  Eat: Chunk             |     8 |     2 |    25 |    57 ||    92
Armor: Robe              |    23 |    12 |    77 |   125 ||   237
       Troll hide        |       |       |       |     4 ||     4
Dodge: Dodged            |    26 |    20 |    80 |   143 ||   269
Block: Shield            |       |       |    58 |   227 ||   285
